HSSL
BISHOP GORMAN HS BALBASAURS @ MAIZE HS
04/19/2026
 
TOP OF THE 1ST
Bishop Gorman HS Balbasaurs batting - Pitching for Maize HS : RHP Tony Zamora
Pitching: RHP Tony Zamora
Batting: RHB Steve Murphy 0-0: Ball
1-0: SINGLE (Flyball, 8RS)
Batting: RHB Jake Rutledge 0-0: Ball
Steve Murphy steals 2nd base
1-0: Called Strike
1-1: Swinging Strike
1-2: Strikes out looking
Batting: LHB Jean-Sébastien Beaudin 0-0: Ground out 1-3 (Groundball, 15)
Batting: RHB Max Kimball 0-0: Called Strike
0-1: Swinging Strike
0-2: Strikes out looking
Top of the 1st over - 0 run(s), 1 hit(s), 0 error(s), 1 left on base; Bishop Gorman HS 0 - Maize HS 0
BOTTOM OF THE 1ST
Maize HS batting - Pitching for Bishop Gorman HS Balbasaurs : RHP Tom Newton
Pitching: RHP Tom Newton
Batting: RHB Jorge Molina 0-0: Ball
1-0: Called Strike
1-1: Fly out, F9 (Flyball, 9M)
Batting: RHB Fletcher Richardson 0-0: Called Strike
0-1: Swinging Strike
0-2: Strikes out swinging
Batting: RHB Chris Wilson 0-0: Called Strike
0-1: Ball
1-1: Foul Ball, location: 2F
1-2: Ball
2-2: Foul Ball, location: 2F
2-2: Strikes out looking
Bottom of the 1st over - 0 run(s), 0 hit(s), 0 error(s), 0 left on base; Bishop Gorman HS 0 - Maize HS 0
TOP OF THE 2ND
Bishop Gorman HS Balbasaurs batting - Pitching for Maize HS : RHP Tony Zamora
Batting: RHB Sidney Gilbert 0-0: Ball
1-0: Foul Ball, location: 2F
1-1: Foul Ball, location: 2F
1-2: Ball
2-2: Strikes out looking
Batting: LHB Zhen-bang Rao 0-0: Called Strike
0-1: Foul Ball, location: 2F
0-2: Ground out 6-3 (Groundball, 6M)
Batting: RHB Ramón Chávez 0-0: Foul Ball, location: 2F
0-1: Swinging Strike
0-2: Ball
1-2: Ball
2-2: Foul Ball, location: 2F
2-2: Foul Ball, location: 2F
2-2: Strikes out swinging
Top of the 2nd over - 0 run(s), 0 hit(s), 0 error(s), 0 left on base; Bishop Gorman HS 0 - Maize HS 0
BOTTOM OF THE 2ND
Maize HS batting - Pitching for Bishop Gorman HS Balbasaurs : RHP Tom Newton
Batting: RHB Nelson Martínez 0-0: Swinging Strike
0-1: Foul Ball, location: 2F
0-2: Ball
1-2: Foul Ball, location: 2F
1-2: Strikes out swinging
Batting: SHB Tony Morrison 0-0: Ball
1-0: SINGLE (Line Drive, 56D)
Batting: RHB Lorenzo Hernández 0-0: Called Strike
0-1: Ball
1-1: Foul Ball, location: 2F
1-2: Foul Ball, location: 2F
1-2: Ball
2-2: 2-RUN HOME RUN (Flyball, 89XD), Distance : 437 ft
Batting: SHB Ricardo Gómez 0-0: Ball
1-0: Ball
2-0: Ball
3-0: Called Strike
3-1: SINGLE (Flyball, 6MD)
Batting: LHB Chad Aguilar 0-0: DOUBLE (Groundball, 3L)
Ricardo Gómez to third
Batting: RHB Dan Osborne 0-0: Ball
1-0: Ball
2-0: Ball
3-0: Called Strike
3-1: Base on Balls
Batting: RHB Jorge Molina 0-0: Fly out, F8 (Flyball, 8LS)
Batting: RHB Fletcher Richardson 0-0: Called Strike
0-1: Foul Ball, location: 2F
0-2: Ball
1-2: Foul Ball, location: 2F
1-2: Strikes out swinging
Bottom of the 2nd over - 2 run(s), 4 hit(s), 0 error(s), 3 left on base; Bishop Gorman HS 0 - Maize HS 2
TOP OF THE 3RD
Bishop Gorman HS Balbasaurs batting - Pitching for Maize HS : RHP Tony Zamora
Batting: RHB Mario Ramírez 0-0: Swinging Strike
0-1: Called Strike
0-2: Strikes out swinging
Batting: RHB Bryan Martínez 0-0: Called Strike
0-1: Fly out, F8 (Flyball, 8RXD)
Batting: RHB Steve Murphy 0-0: Ground out 5-3 (Groundball, 5L)
Top of the 3rd over - 0 run(s), 0 hit(s), 0 error(s), 0 left on base; Bishop Gorman HS 0 - Maize HS 2
BOTTOM OF THE 3RD
Maize HS batting - Pitching for Bishop Gorman HS Balbasaurs : RHP Tom Newton
Batting: RHB Chris Wilson 0-0: Ground out 1-3 (Groundball, 13S)
Batting: RHB Nelson Martínez 0-0: Ball
1-0: Ground out 4-3 (Groundball, 34)
Batting: SHB Tony Morrison 0-0: Foul Ball, location: 2F
0-1: Ball
1-1: Ball
2-1: Foul Ball, location: 2F
2-2: Foul Ball, location: 2F
2-2: Ball
3-2: Foul Ball, location: 2F
3-2: Foul Ball, location: 2F
3-2: Foul Ball, location: 2F
3-2: Base on Balls
Batting: RHB Lorenzo Hernández 0-0: Called Strike
0-1: Swinging Strike
0-2: Strikes out looking
Bottom of the 3rd over - 0 run(s), 0 hit(s), 0 error(s), 1 left on base; Bishop Gorman HS 0 - Maize HS 2
TOP OF THE 4TH
Bishop Gorman HS Balbasaurs batting - Pitching for Maize HS : RHP Tony Zamora
Batting: RHB Jake Rutledge 0-0: Called Strike
0-1: Ball
1-1: Foul Ball, location: 2F
1-2: Ball
2-2: Ball
3-2: Base on Balls
Batting: LHB Jean-Sébastien Beaudin 0-0: Ball
1-0: Called Strike
1-1: Ball
2-1: Swinging Strike
2-2: Foul Ball, location: 2F
2-2: Strikes out swinging
Batting: RHB Max Kimball 0-0: Called Strike
0-1: Ball
1-1: Grounds into double play, 6-4-3 (Groundball, 6)
Top of the 4th over - 0 run(s), 0 hit(s), 0 error(s), 0 left on base; Bishop Gorman HS 0 - Maize HS 2
BOTTOM OF THE 4TH
Maize HS batting - Pitching for Bishop Gorman HS Balbasaurs : RHP Tom Newton
Batting: SHB Ricardo Gómez 0-0: Called Strike
0-1: Called Strike
0-2: Strikes out looking
Batting: LHB Chad Aguilar 0-0: Ball
1-0: Called Strike
1-1: Swinging Strike
1-2: Ball
2-2: Foul Ball, location: 2F
2-2: Fly out, F4 (Popup, 4)
Batting: RHB Dan Osborne 0-0: Swinging Strike
0-1: Ball
1-1: Foul Ball, location: 2F
1-2: Foul Ball, location: 2F
1-2: Strikes out swinging
Bottom of the 4th over - 0 run(s), 0 hit(s), 0 error(s), 0 left on base; Bishop Gorman HS 0 - Maize HS 2
TOP OF THE 5TH
Bishop Gorman HS Balbasaurs batting - Pitching for Maize HS : RHP Tony Zamora
Batting: RHB Sidney Gilbert 0-0: Ball
1-0: Ball
2-0: Ball
3-0: Base on Balls
Pitching: RHP Howard Brandon
Batting: LHB Zhen-bang Rao 0-0: Ball
1-0: Ball
2-0: Called Strike
2-1: Ball
3-1: Foul Ball, location: 2F
3-2: Base on Balls
Sidney Gilbert to second
Batting: RHB Ramón Chávez 0-0: Ball
1-0: Ball
2-0: Ball
3-0: Base on Balls
Sidney Gilbert to third
Zhen-bang Rao to second
Batting: RHB Mario Ramírez 0-0: GRAND SLAM HOME RUN (Flyball, 7LD), Distance : 346 ft
Pitching: RHP Roger Grant
Batting: RHB Bryan Martínez 0-0: Called Strike
0-1: Foul Ball, location: 2F
0-2: Ball
1-2: Ball
2-2: Ball
3-2: Strikes out swinging
Batting: RHB Steve Murphy 0-0: Ball
1-0: Swinging Strike
1-1: Called Strike
1-2: Strikes out swinging
Batting: RHB Jake Rutledge 0-0: Ball
1-0: Swinging Strike
1-1: Foul Ball, location: 2F
1-2: Fly out, F9 (Flyball, 9M)
Top of the 5th over - 4 run(s), 1 hit(s), 0 error(s), 0 left on base; Bishop Gorman HS 4 - Maize HS 2
BOTTOM OF THE 5TH
Maize HS batting - Pitching for Bishop Gorman HS Balbasaurs : RHP Tom Newton
Batting: RHB Jorge Molina 0-0: Fly out, F5 (Popup, 5F)
Batting: RHB Fletcher Richardson 0-0: Bunt for hit - play at first, batter OUT! 1-3
Batting: RHB Chris Wilson 0-0: Ball
1-0: Ground out 6-3 (Groundball, 6M)
Bottom of the 5th over - 0 run(s), 0 hit(s), 0 error(s), 0 left on base; Bishop Gorman HS 4 - Maize HS 2
TOP OF THE 6TH
Bishop Gorman HS Balbasaurs batting - Pitching for Maize HS : RHP Roger Grant
Batting: LHB Jean-Sébastien Beaudin 0-0: Ball
1-0: Ball
2-0: Foul Ball, location: 2F
2-1: Ball
3-1: Base on Balls
Batting: RHB Max Kimball 0-0: Ball
1-0: Ball
2-0: Called Strike
2-1: Foul Ball, location: 2F
2-2: Foul Ball, location: 2F
2-2: Ball
3-2: 2-RUN HOME RUN (Flyball, 7LD), Distance : 353 ft
Batting: RHB Sidney Gilbert 0-0: Called Strike
0-1: Foul Ball, location: 2F
0-2: Ball
1-2: Ball
2-2: Ball
3-2: Foul Ball, location: 2F
3-2: Base on Balls
Batting: LHB Zhen-bang Rao 0-0: Called Strike
0-1: Foul Ball, location: 2F
0-2: Strikes out swinging
Batting: RHB Ramón Chávez 0-0: Called Strike
0-1: Ball
1-1: Foul Ball, location: 2F
1-2: Strikes out swinging
Batting: RHB Mario Ramírez 0-0: Called Strike
0-1: TRIPLE (Line Drive, 89M)
Sidney Gilbert scores
Pitching: LHP Júlio Bernal
Batting: RHB Bryan Martínez 0-0: Ball
1-0: Foul Ball, location: 2F
1-1: Ball
2-1: Called Strike
2-2: Strikes out swinging
Top of the 6th over - 3 run(s), 2 hit(s), 0 error(s), 1 left on base; Bishop Gorman HS 7 - Maize HS 2
BOTTOM OF THE 6TH
Maize HS batting - Pitching for Bishop Gorman HS Balbasaurs : RHP Tom Newton
Batting: RHB Nelson Martínez 0-0: Ball
1-0: Ball
2-0: Called Strike
2-1: Called Strike
2-2: Foul Ball, location: 2F
2-2: Ball
3-2: Foul Ball, location: 2F
3-2: Foul Ball, location: 2F
3-2: Base on Balls
Pitching: RHP Craig Stanley
Batting: SHB Tony Morrison 0-0: Ball
Nelson Martínez steals 2nd base
1-0: Ball
2-0: Foul Ball, location: 2F
2-1: Foul Ball, location: 2F
2-2: Ball
3-2: Strikes out swinging
Batting: RHB Lorenzo Hernández 0-0: Ball
1-0: Foul Ball, location: 2F
1-1: Ball
2-1: Ball
3-1: Fly out, F6 (Popup, 6M)
Batting: SHB Ricardo Gómez 0-0: SINGLE (Line Drive, 4MD)
Nelson Martínez to third
Batting: LHB Chad Aguilar Pickoff Throw to First - Error! E1
Nelson Martínez scores
Ricardo Gómez to second
0-0: Fly out, F4 (Popup, 3D)
Bottom of the 6th over - 1 run(s), 1 hit(s), 1 error(s), 1 left on base; Bishop Gorman HS 7 - Maize HS 3
TOP OF THE 7TH
Bishop Gorman HS Balbasaurs batting - Pitching for Maize HS : LHP Júlio Bernal
Batting: RHB Steve Murphy 0-0: Called Strike
0-1: SINGLE (Line Drive, 7S)
Batting: RHB Jake Rutledge 0-0: Swinging Strike
0-1: Ball
1-1: Ball
2-1: Bunted foul
2-2: Foul Ball, location: 2F
2-2: Strikes out swinging
Batting: LHB Jean-Sébastien Beaudin 0-0: Ball
Wild Pitch!
Steve Murphy to second
1-0: Ball
2-0: Called Strike
2-1: Swinging Strike
2-2: Ball
3-2: Foul Ball, location: 2F
3-2: Fly out, F9 (Flyball, 89M)
Batting: RHB Max Kimball 0-0: Called Strike
0-1: Swinging Strike
0-2: Ball
1-2: Ball
2-2: Strikes out swinging
Top of the 7th over - 0 run(s), 1 hit(s), 0 error(s), 1 left on base; Bishop Gorman HS 7 - Maize HS 3
BOTTOM OF THE 7TH
Maize HS batting - Pitching for Bishop Gorman HS Balbasaurs : RHP Craig Stanley
Batting: RHB Dan Osborne 0-0: Ball
1-0: Ball
2-0: Ball
3-0: Base on Balls
Batting: RHB Jorge Molina 0-0: Foul Ball, location: 2F
0-1: Ball
1-1: Swinging Strike
1-2: Ball
2-2: Fly out, F8 (Flyball, 8LM)
Batting: RHB Fletcher Richardson 0-0: 2-RUN HOME RUN (Flyball, 7D), Distance : 400 ft
Batting: RHB Chris Wilson 0-0: Ball
1-0: Swinging Strike
1-1: Ball
2-1: Called Strike
2-2: Foul Ball, location: 2F
2-2: Foul Ball, location: 2F
2-2: Ground out 6-3 (Groundball, 6M)
Batting: RHB Nelson Martínez 0-0: Ball
1-0: Ball
2-0: Called Strike
2-1: Ball
3-1: Base on Balls
Pitching: RHP Keith Crabtree
Batting: SHB Tony Morrison 0-0: Fly out, F6 (Line Drive, 6)
Bottom of the 7th over - 2 run(s), 1 hit(s), 0 error(s), 1 left on base; Bishop Gorman HS 7 - Maize HS 5
TOP OF THE 8TH
Bishop Gorman HS Balbasaurs batting - Pitching for Maize HS : LHP Júlio Bernal
Batting: RHB Sidney Gilbert 0-0: Called Strike
0-1: Foul Ball, location: 2F
0-2: Fly out, F8 (Flyball, 8RS)
Batting: LHB Zhen-bang Rao 0-0: Ball
1-0: Foul Ball, location: 2F
1-1: DOUBLE (Flyball, 89M)
Batting: RHB Ramón Chávez 0-0: Foul Ball, location: 2F
0-1: Swinging Strike
0-2: Ball
1-2: Ball
2-2: Ball
3-2: Strikes out looking
Batting: RHB Mario Ramírez 0-0: Swinging Strike
0-1: Swinging Strike
0-2: Ball
1-2: SINGLE (Groundball, 4MD)
Zhen-bang Rao to third
Runner from 3rd tries for Home, SAFE, no throw or cutoff
Batting: RHB Bryan Martínez 0-0: Called Strike
0-1: Ball
1-1: Ball
2-1: Foul Ball, location: 2F
2-2: Strikes out swinging
Top of the 8th over - 1 run(s), 2 hit(s), 0 error(s), 1 left on base; Bishop Gorman HS 8 - Maize HS 5
BOTTOM OF THE 8TH
Maize HS batting - Pitching for Bishop Gorman HS Balbasaurs : RHP Keith Crabtree
Now at SS: Kent Bannatyne
Batting: RHB Lorenzo Hernández 0-0: Called Strike
0-1: Ball
1-1: Ball
2-1: Called Strike
2-2: Strikes out swinging
Batting: SHB Ricardo Gómez 0-0: Foul Ball, location: 2F
0-1: Ball
1-1: Ball
2-1: Called Strike
2-2: Foul Ball, location: 2F
2-2: SINGLE (Line Drive, 6MD)
Pitching: RHP Dexter Miller
Batting: LHB Chad Aguilar 0-0: Called Strike
0-1: Fly out, F9 (Flyball, 89M)
Batting: RHB Dan Osborne 0-0: Ball
1-0: Foul Ball, location: 2F
1-1: Foul Ball, location: 2F
1-2: Strikes out swinging
Bottom of the 8th over - 0 run(s), 1 hit(s), 0 error(s), 1 left on base; Bishop Gorman HS 8 - Maize HS 5
TOP OF THE 9TH
Bishop Gorman HS Balbasaurs batting - Pitching for Maize HS : LHP Júlio Bernal
Pitching: RHP Travis Haney
Batting: RHB Steve Murphy 0-0: Ball
1-0: Foul Ball, location: 2F
1-1: Foul Ball, location: 2F
1-2: TRIPLE (Flyball, 89M)
Batting: RHB Jake Rutledge 0-0: Ball
1-0: Ball
2-0: Called Strike
Single, Error in OF, E9, batter to second base
Steve Murphy scores
Batting: LHB Jean-Sébastien Beaudin 0-0: Intentional Walk
Batting: RHB Max Kimball 0-0: SINGLE (Line Drive, 9S)
Jake Rutledge to third
Jean-Sébastien Beaudin to second
Runner from 3rd tries for Home, SAFE, throw made home
Jean-Sébastien Beaudin to third
Max Kimball to second
Batting: RHB Sidney Gilbert 0-0: Ball
1-0: Foul Ball, location: 2F
1-1: Foul Ball, location: 2F
1-2: Ball
2-2: Strikes out swinging
Batting: LHB Zhen-bang Rao 0-0: Ball
1-0: Foul Ball, location: 2F
1-1: SINGLE (Line Drive, 56)
Jean-Sébastien Beaudin scores
Max Kimball to third
Pitching: LHP Ángel Quintana
Batting: RHB Ramón Chávez 0-0: Ball
1-0: Swinging Strike
1-1: Foul Ball, location: 2F
1-2: Ball
2-2: Ball
3-2: Strikes out swinging
Batting: RHB Kent Bannatyne 0-0: Called Strike
0-1: Ball
1-1: Swinging Strike
1-2: Ball
2-2: Ball
3-2: Base on Balls
Zhen-bang Rao to second
Batting: RHB Bryan Martínez 0-0: Ball
1-0: Ball
2-0: Foul Ball, location: 2F
2-1: Ball
3-1: Swinging Strike
3-2: Strikes out looking
Top of the 9th over - 3 run(s), 4 hit(s), 1 error(s), 3 left on base; Bishop Gorman HS 11 - Maize HS 5
BOTTOM OF THE 9TH
Maize HS batting - Pitching for Bishop Gorman HS Balbasaurs : RHP Dexter Miller
Batting: RHB Jorge Molina 0-0: Called Strike
0-1: Foul Ball, location: 2F
0-2: Ball
1-2: Ball
2-2: Foul Ball, location: 2F
2-2: Strikes out looking
Batting: RHB Fletcher Richardson 0-0: Ball
1-0: Foul Ball, location: 2F
1-1: Swinging Strike
1-2: Foul Ball, location: 2F
1-2: Ball
2-2: Foul Ball, location: 2F
2-2: Ground out 6-3 (Groundball, 6)
Batting: RHB Chris Wilson 0-0: Ball
1-0: Foul Ball, location: 2F
1-1: Ball
2-1: Foul Ball, location: 2F
2-2: Ball
3-2: Base on Balls
Batting: RHB Nelson Martínez 0-0: Called Strike
0-1: Ball
1-1: Foul Ball, location: 2F
1-2: Ball
2-2: Strikes out looking
Bottom of the 9th over - 0 run(s), 0 hit(s), 0 error(s), 1 left on base; Bishop Gorman HS 11 - Maize HS 5
Monday, December 5th, 2016 - OOTP Baseball 17.12 Build 75